 Dungeon Crawl Stone Soup version 0.21-a0-582-g1b93aee (webtiles) character file.

273 sithsevirus the Poker (level 6, 0/43 HPs)
             Began as an Octopode Fighter on Dec 19, 2017.
             Slain by Edmund
             ... wielding a +1 flail of protection
              (3 damage)
             ... on level 5 of the Dungeon.
             The game lasted 00:13:16 (3240 turns).

sithsevirus the Poker (Octopode Fighter)            Turns: 3240, Time: 00:13:17

Health: 0/43       AC:  1    Str: 15 (16) XL:     6   Next: 23%
Magic:  0/6        EV: 18    Int:  9 (11) God:
Gold:   217        SH:  9    Dex: 16 (17) Spells: 3/5 levels left

rFire    + . .     SeeInvis .   a - +0 trident
rCold    + . .     Gourm    .   b - +0 shield
rNeg     . . .     Faith    .   (helmet restricted)
rPois    +         Spirit   .   (no amulet)
rElec    +         Reflect  .   (no ring)
rCorr    +         Harm     .   (no ring)
MR       .....                  (no ring)
Stlth    +++.......             (no ring)
HPRegen  0.14/turn              (no ring)
MPRegen  0.10/turn              (no ring)
                                (no ring)
                                (no ring)

@: agile, resistant, very slightly contaminated, hasted, very quick
A: almost no armour, stealthy swim, amphibious, 8 rings, constrict 8, antennae
1, tentacle spike 1, camouflage 1, gelatinous body 1
a: no special abilities


You were on level 5 of the Dungeon.
You were hungry.

You visited 1 branch of the dungeon, and saw 5 of its levels.

You collected 217 gold pieces.

Inventory:

Hand Weapons
 a - a +0 trident (weapon)
 r - a +1 dagger of protection
 x - a +0 hunting sling
Missiles
 e - 66 stones
 h - 4 tomahawks (quivered)
 j - a throwing net
 o - 25 sling bullets
 A - 2 javelins
Armour
 b - a +0 shield (worn)
Jewellery
 y - a cursed ring of teleportation {unknown}
Scrolls
 g - 4 scrolls of teleportation {unknown}
 i - 7 scrolls of identify {unknown}
 k - 3 scrolls of enchant weapon {unknown}
 n - 2 scrolls of blinking {unknown}
 q - a scroll of enchant armour {unknown}
 t - 5 scrolls of remove curse {unknown}
Potions
 c - a potion of might
 m - a potion of haste
 p - 3 potions of degeneration
 s - a potion of brilliance {unknown}
 u - a potion of ambrosia {unknown}
 w - a potion of resistance
 z - a potion of cancellation {unknown}
 B - a potion of heal wounds {unknown}
Books
 v - a book of Minor Magic

   Spells                             Type                      Level
   a - Magic Dart                     Conjuration                  1
   b - Blink                          Translocation                2
   c - Call Imp                       Summoning                    2
   d - Slow                           Hexes                        2
   e - Conjure Flame                  Conjuration/Fire             3
   f - Mephitic Cloud                 Conjuration/Poison/Air       3
Comestibles
 d - 7 rations


   Skills:
 + Level 4.0 Fighting
 * Level 4.1 Polearms
 + Level 4.0 Dodging
 + Level 3.9 Shields
 + Level 1.0 Translocations


You had 3 spell levels left.
You knew the following spells:

 Your Spells              Type           Power        Failure   Level  Hunger
b - Blink                 Tloc           N/A          86%         2    ###....


Dungeon Overview and Level Annotations

Branches:
Dungeon (5/15)
 Temple: D:4-7

Altars:
Ashenzari
Cheibriados
Qazlal

Annotations:
D:5 Edmund


Innate Abilities, Weirdness & Mutations

You cannot wear most types of armour.
You are very stealthy in the water. (Stealth+)
You are amphibious.
You can wear up to eight rings at the same time.
You can use your tentacles to constrict eight enemies at once.
Your skin changes colour to match your surroundings (Stealth+).
Your rubbery body absorbs attacks. (AC +1, EV +1)
You have a pair of small antennae on your head.
One of your tentacles bears a spike.


Message History

You feel weakened.
You feel dopey.
You feel clumsy.
You constrict Edmund.
Edmund hits you with a flail of protection.
* * * LOW HITPOINT WARNING * * *
It was a potion of resistance.
You feel protected.
You constrict Edmund.
Edmund hits you with a flail of protection.
* * * LOW HITPOINT WARNING * * *
It was a potion of haste.
You feel yourself speed up.
You constrict Edmund. Edmund barely misses you.
It was a potion of agility.
You feel agile all of a sudden.
You constrict Edmund.
It was a potion of mutation.
You feel extremely strange.
One of your lower tentacles grows a sharp spike.
A pair of antennae grows on your head!
You constrict Edmund.
Edmund hits you with a flail of protection.
You die...

#.# #.#
##'##
##...##
##.....##
##.......##
#.........#
+.@..(....+
#.@.......#
##.......##
##.....##
##...##
##+##


You could see Edmund.

Vanquished Creatures
  A worker ant (D:4)
  An iguana (D:4)
  Natasha (thrice) (D:2)
  A howler monkey skeleton (D:4)
  6 adders
  An ooze (D:1)
  2 worms
  4 leopard geckos (D:2)
  An orc (D:3)
  4 giant cockroaches
  5 hobgoblins
  A quokka (D:3)
  A ball python (D:1)
  7 bats
  5 frilled lizards
  14 goblins
  A jackal skeleton (D:3)
  13 kobolds
  8 rats
79 creatures vanquished.

Notes
Turn   | Place    | Note
-------+----------+-------------------------------------------
     0 | D:1      | sithsevirus the Octopode Fighter began the quest for the Orb.
     0 | D:1      | Reached XP level 1. HP: 16/16 MP: 1/1
   100 | D:1      | Reached XP level 2. HP: 21/21 MP: 2/2
   426 | D:1      | Reached XP level 3. HP: 18/26 MP: 3/3
   532 | D:1      | Found a shattered altar of Ashenzari.
  1022 | D:2      | Noticed Natasha
  1045 | D:2      | Killed Natasha
  1045 | D:2      | Reached XP level 4. HP: 23/31 MP: 4/4
  1164 | D:2      | Found a snail-covered altar of Cheibriados.
  1233 | D:2      | Noticed Natasha
  1236 | D:2      | Killed Natasha
  1363 | D:2      | Noticed Natasha
  1369 | D:2      | Killed Natasha
  1369 | D:2      | Reached XP level 5. HP: 28/37 MP: 5/5
  2054 | D:3      | Learned a level 2 spell: Blink
  2622 | D:4      | Found a stormy altar of Qazlal.
  2702 | D:4      | Reached XP level 6. HP: 37/43 MP: 6/6
  2740 | D:4      | Reached skill level 1 in Translocations
  3180 | D:5      | Entered Level 5 of the Dungeon
  3201 | D:5      | Noticed Edmund
  3240 | D:5      | Gained mutation: One of your tentacles bears a spike. [potion of mutation]
  3240 | D:5      | Gained mutation: You have a pair of small antennae on your head. [potion of mutation]
  3240 | D:5      | Slain by Edmund

Vault maps used:
D:1:      lemuel_arrival_broad_hall, evilmike_ruin_ashenzari
D:2:      old_standard_altar, kennysheep_generic_room_3, uniq_natasha
D:3:      first_ration
D:4:      grunt_qazlal_clouds
D:5:      kennysheep_mini_moat, minmay_temple_entry_large_hall, enter_ossuary_1,
          uniq_edmund

Skill      XL: |  1  2  3  4  5  6 |
---------------+-------------------+-----
Polearms       | 3 4 |  4.1
Dodging        | 4 |  4.0
Fighting       | 4 |  4.0
Translocations | 1 |  1.0
Shields        | |  3.9

Action                   |  1- 3 |  4- 6 || total
-------------------------+-------+-------++-------
Melee: Trident           |    81 |   129 ||   210
       Constrict         |    17 |    26 ||    43
       Tentacles         |     7 |    19 ||    26
Throw: Tomahawk          |     2 |       ||     2
  Use: Potion            |       |     5 ||     5
 Stab: Sleeping          |     3 |     7 ||    10
       Distracted        |     1 |     1 ||     2
  Eat: Chunk             |       |     7 ||     7
Armor: Skin              |     5 |     4 ||     9
Dodge: Dodged            |    18 |    33 ||    51
Block: Shield            |    23 |    23 ||    46

Table legend:
 A = Spawn XP
 B = Non-spawn XP
 C = Spawn XP percentage of total XP
 D = Spawn monster count
 E = Non-spawn monster count
 F = Spawn count percentage of total count
 G = Total turns spent on level
                    A         B        C        D         E        F      G
               +---------+---------+-------+---------+---------+-------+---------
         Total |       0 |     390 |   0.0 |       0 |      79 |   0.0 |  3240
               +---------+---------+-------+---------+---------+-------+---------
           D:1 |       0 |      45 |   0.0 |       0 |      27 |   0.0 |   881
           D:2 |       0 |     146 |   0.0 |       0 |      23 |   0.0 |  1008
           D:3 |       0 |      98 |   0.0 |       0 |      24 |   0.0 |   655
           D:4 |       0 |     101 |   0.0 |       0 |       5 |   0.0 |   636
               +---------+---------+-------+---------+---------+-------+---------
